 Dungeon Crawl Stone Soup version 0.32-a0-931-g5a2cda0630 (webtiles) character file.

Game seed: 11464753189135847708

51 XomNomNom the Chopper (level 3, -7/33 HPs)
             Began as a Mountain Dwarf Monk on Apr 14, 2024.
             Mangled by a gnoll
             ... wielding a +0 halberd
              (16 damage)
             ... on level 2 of the Dungeon.
             The game lasted 00:03:20 (1099 turns).

XomNomNom the Chopper (Mountain Dwarf Monk)         Turns: 1099, Time: 00:03:21

Health: -7/33      AC:  2    Str: 19    XL:     3   Next: 57%
Magic:  3/3        EV: 11    Int: 10    God:
Gold:   93         SH:  0    Dex: 14    Spells: 2/2 levels left

rFire   . . .        a - +0 hand axe
rCold   . . .        d - orb {light}
rNeg    . . .        b - +0 robe
rPois   .            (no helmet)
rElec   .            (no cloak)
rCorr   .            (no gloves)
SInv    .            (no boots)
Will    .....        (no amulet)
Stlth   +            f - +6 ring of strength
HPRegen 0.25/turn    (no ring)
MPRegen 0.08/turn

%: no passive effects
@: glowing
A: runic magic, artefact enchanting
a: no special abilities


You were on level 2 of the Dungeon.
You visited 1 branch of the dungeon, and saw 2 of its levels.

You collected 93 gold pieces.

Inventory:

Hand Weapons
 a - a +0 hand axe (weapon)
Armour
 b - a +0 robe (worn)
 d - an orb of light (worn)
Jewellery
 f - a +6 ring of strength (left hand)
 n - a ring of wizardry
Talismans
 j - a serpent talisman
Scrolls
 e - 3 scrolls of identify {unknown}
 g - a scroll of silence {unknown}
 h - 2 scrolls of immolation {unknown}
 k - a scroll of enchant weapon {unknown}
 l - a scroll of noise {unknown}
 m - 2 scrolls of fear {unknown}
Potions
 c - a potion of ambrosia
 i - a potion of attraction {unknown}


   Skills:
 + Level 3.9 Fighting
 * Level 4.4 Axes
 + Level 0.6 Armour
 - Level 2.5 Dodging


You had 2 spell levels left.
You didn't know any spells.
Your spell library was empty.

Dungeon Overview and Level Annotations

Branches:
Dungeon (2/15)

Altars:


Innate Abilities, Weirdness & Mutations

Your spellcasting is much less encumbered by armour.
You can use scrolls of enchantment on lesser artefacts.


Message History

The dart slug launches a dart at you.
The slug dart hits you but does no damage.
You hit the dart slug.
The dart slug is moderately wounded.
The dart slug closely misses you.
You slash the dart slug!
You kill the dart slug!
No target in view!
You now have 93 gold pieces (gained 14).
A gnoll comes into view. It is wielding a +0 flail.
The gnoll shouts!
You hear a shout!
A gnoll comes into view. It is wielding a +0 halberd.
You hear a shout!
Found 6 stones and a scroll labelled QELI CUTOMYL.
The gnoll misses you. The gnoll hits you with a +0 flail.
You hit the gnoll.
The gnoll is heavily wounded.
The gnoll hits you from afar with a +0 halberd!
The gnoll closely misses you.
You hit the gnoll.
The gnoll is heavily wounded.
The gnoll hits you with a +0 flail.
A gnoll comes into view. It is wielding a +0 halberd.
The gnoll shouts!
You slash the gnoll!
You kill the gnoll!
The gnoll closely misses you. The gnoll barely misses you.
The gnoll hits you with a +0 halberd.
You see here a +0 flail.
You slash the gnoll!
The gnoll is heavily wounded.
You hit the gnoll but do no damage. The gnoll misses you.
The gnoll closely misses you. The gnoll hits you with a +0 halberd.
* * * LOW HITPOINT WARNING * * *
The gnoll barely misses you.
You barely miss the gnoll.
The gnoll is heavily wounded.
You barely miss the gnoll. The gnoll misses you.
The gnoll hits you with a +0 halberd!
You die...

######## #......# .( ##
####......# ....
..###........@#.....
##............gg......
.##..####...............
.......#....######......
##.........## ......
#...........# ..?...
#...........# .....
#...........# #####
#..........## .


You could see 2 gnolls.

Vanquished Creatures
  A gnoll (D:2)
  3 dart slugs
  3 ball pythons (D:1)
  4 endoplasms (D:1)
  A giant cockroach (D:1)
  A goblin (D:1)
  5 hobgoblins (D:1)
  4 quokkas
  A frilled lizard (D:1)
  3 kobolds (D:1)
  6 rats
32 creatures vanquished.

Notes
Turn   | Place    | Note
-------+----------+-------------------------------------------
     0 | D:1      | XomNomNom the Mountain Dwarf Monk began the quest for the
                  | Orb.
     0 | D:1      | Reached XP level 1. HP: 19/19 MP: 1/1
   124 | D:1      | Reached XP level 2. HP: 23/26 MP: 2/2
   243 | D:1      | Reached skill level 4 in Axes
   526 | D:1      | Reached XP level 3. HP: 22/33 MP: 3/3
  1099 | D:2      | Mangled by a gnoll

Illustrated notes

Levels and vault maps discovered:
D:1:      shiori_arrival_elements, layout_loops_ring, minmay_split_cup_large
D:2:      layout_rooms

Skill      XL: |  1  2 |
---------------+-------+-----
Axes           | 4 |  4.4
Fighting       | |  3.9
Armour         | |  0.6
Dodging        | |  2.5

Action                     || total
---------------------------++-------
  Melee: Hand axe          ||    83
 Armour: Robe              ||    44
  Dodge: Dodged            ||    44

Table legend: (Time is in decaauts)
 A = Elapsed time spent in this place.
 B = Non-inter-level travel time spent in this place.
 C = Inter-level travel time spent in this place.
 D = Time resting spent in this place.
 E = Time spent auto-exploring this place.
 F = Levels seen in this place.
 G = Mean time per level.
                   A        B        C        D        E       F      G
               +--------+--------+--------+--------+--------+-----+--------+
         Total |   1106 |   1106 |      0 |      0 |    840 |   2 |  553.0 |
       Dungeon |   1106 |   1106 |      0 |      0 |    840 |   2 |  553.0 |
               +--------+--------+--------+--------+--------+-----+--------+

Top non-repeatable levels by time:
     D:1: 999 daAuts
     D:2: 106 daAuts
